 Dungeon Crawl Stone Soup version 0.28.0-45-g0d030f2227 (webtiles) character file.

Game seed: 1899164907373284959

20 Descartes the Grasshopper (level 3, -5/27 HPs)
             Began as a Formicid Warper on Apr 14, 2022.
             Slain by a scorpion (7 damage)
             ... on level 4 of the Dungeon.
             The game lasted 00:02:07 (870 turns).

Descartes the Grasshopper (Formicid Warper)          Turns: 870, Time: 00:02:08

Health: -5/27      AC:  3    Str: 17    XL:     3   Next: 0%
Magic:  6/6        EV: 15    Int: 12    God:
Gold:   9          SH:  0    Dex: 10    Spells: 6/6 levels left

rFire   . . .      SeeInvis +   a - +0 hand axe
rCold   . . .      Faith    .   (no shield)
rNeg    . . .      Spirit   .   b - +0 leather armour
rPois   .          Reflect  .   (helmet unavailable)
rElec   .          Harm     .   (no cloak)
rCorr   .          Rampage  .   (no gloves)
Will    +....                   (no boots)
Stlth   +.........              (no amulet)
HPRegen 0.09/turn               d - +4 ring of evasion
MPRegen 0.10/turn               i - ring of willpower

@: lethally poisoned (-5 -> -12)
A: permanent stasis, dig shafts and tunnels, antennae 3, four strong arms
a: Dig, Shaft Self


You were on level 4 of the Dungeon.
You visited 1 branch of the dungeon, and saw 3 of its levels.

You collected 9 gold pieces.

Inventory:

Hand Weapons
 a - a +0 hand axe (weapon)
Missiles
 c - 3 boomerangs of dispersal (quivered)
 h - 4 curare-tipped darts
 j - 19 stones
Armour
 b - a +0 leather armour (worn)
 k - a +0 pair of gloves
Jewellery
 d - a +4 ring of evasion (left hand)
 g - a ring of protection from fire
 i - a ring of willpower (right hand)
Scrolls
 e - a scroll of teleportation
 f - a scroll of identify


   Skills:
 - Level 2.1 Fighting
 + Level 2.4 Axes
 - Level 1.0 Throwing
 + Level 1.9 Armour
 - Level 1.7 Dodging
 - Level 2.1 Spellcasting
 + Level 3.0 Translocations


You had 6 spell levels left.
You didn't know any spells.
Your spell library contained the following spells:

 Spells                   Type           Power      Damage    Failure   Level
 Gell's Gravitas          Tloc           8%         N/A       26%         3
 Lesser Beckoning         Tloc           8%         N/A       26%         3
 Teleport Other           Tloc           8%         N/A       26%         3
 Ensorcelled Hibernation  Hex/Ice        2%         N/A       43%         2
 Spider Form              Tmut/Pois      1%         N/A       67%         3
 Manifold Assault         Tloc           8%         N/A       94%         5
 Anguish                  Hex/Necr       0%         N/A       97%         4
 Blink                    Tloc           Unusable   N/A       N/A         2

Dungeon Overview and Level Annotations

Branches:
Dungeon (2/15)

Altars:


Innate Abilities, Weirdness & Mutations

You cannot be hasted, slowed, berserked, paralysed or teleported.
You can dig through walls and to a lower floor.
You have a pair of large antennae on your head. (SInv)
Your four strong arms can wield two-handed weapons with a shield.


Message History

You throw a boomerang of dispersal.
The boomerang of dispersal hits the scorpion.
The scorpion blinks!
The scorpion is heavily wounded.
Found a book of Vapours.
Found a stone staircase leading down.
You see here a book of Vapours.
The scorpion closely misses you.
You barely miss the scorpion.
The scorpion is moderately wounded.
The scorpion misses you.
You hit the scorpion.
The scorpion is moderately wounded.
The scorpion misses you.
You hit the scorpion but do no damage.
The scorpion is moderately wounded.
The scorpion stings you!
The scorpion stings you but does no damage.
You barely miss the scorpion.
The scorpion is moderately wounded.
The scorpion stings you.
You are lethally poisoned!
The scorpion poisons you!
You aren't carrying any potions.
Unknown command.
Throw: 4 boomerangs (disperse)
Press: ? - help, Q - select action, (/) - cycle Shift-Dir - straight line, f/p - scorpion
Aim: a scorpion (moderately wounded, 56% to hit)
You throw a boomerang of dispersal.
The boomerang of dispersal hits the scorpion.
The scorpion blinks!
The scorpion is severely wounded.
* * * LOW HITPOINT WARNING * * *
You feel very sick.
You closely miss the scorpion.
The scorpion is severely wounded.
* * * LOW HITPOINT WARNING * * *
You feel very sick. The scorpion stings you!
You die...

#.# # #≈≈## ###.#
#. #≈≈.# { ..#.# .
#≈≈.# #.#.# #≈
≈≈># ....###
#≈###≈.# ......#
#≈≈≈≈≈.# {
......#####....###
.............:.s@+
#.##..####....####
#.##..# #.#.##
#.##..# #.###
......# #.#
#.##.## #.# .....#
#.# #.#### #.# #.#


You could see a scorpion.

Vanquished Creatures
  5 bats (D:1)
  2 endoplasms (D:1)
  A giant cockroach (D:1)
  2 goblins (D:1)
  3 hobgoblins (D:1)
  2 quokkas (D:1)
  A ball python (D:1)
  A rat (D:1)
17 creatures vanquished.

Notes
Turn   | Place    | Note
-------+----------+-------------------------------------------
     0 | D:1      | Descartes the Formicid Warper began the quest for the Orb.
     0 | D:1      | Reached XP level 1. HP: 16/16 MP: 3/3
   285 | D:1      | Reached XP level 2. HP: 18/22 MP: 5/5
   523 | D:1      | Found a faded altar of an unknown god.
   536 | D:1      | Reached skill level 3 in Translocations
   742 | D:1      | Reached XP level 3. HP: 27/27 MP: 6/6
   836 | D:2      | You fall into a shaft and drop 2 floors!
   836 | D:4      | Noticed a scorpion
   870 | D:4      | Slain by a scorpion

Illustrated notes

Levels and vault maps discovered:
D:1:      heliophobic_arrival_ceremonial_halls, layout_rooms,
          chequers_ecumenical_altar_island
D:2:      layout_loops_ring, uniq_terence, uniq_crazy_yiuf_cottage, uniq_natasha
D:4:      layout_loops_corners, minmay_crystal_water

Skill      XL: |  1  2 |
---------------+-------+-----
Translocations | 3 |  3.0
Fighting       | |  2.1
Axes           | |  2.4
Throwing       | |  1.0
Armour         | |  1.9
Dodging        | |  1.7
Spellcasting   | |  2.1

Action                   || total
-------------------------++-------
Melee: Hand axe          ||    60
Throw: Boomerang         ||     2
  Use: Scroll            ||     1
Armor: Leather armour    ||    16
Dodge: Dodged            ||    54
